 Dungeon Crawl Stone Soup version 0.21.0 (webtiles) character file.

175 Hekarica the Sneak (level 5, -1/48 HPs)
             Began as a Demigod Assassin on May 23, 2018.
             Killed by nerve-wracking pain
             ... invoked by Grinder
              (11 damage)
             ... on level 3 of the Dungeon.
             The game lasted 00:09:09 (2105 turns).

Hekarica the Sneak (Demigod Assassin)               Turns: 2105, Time: 00:09:09

Health: -1/48      AC: 10    Str: 14    XL:     5   Next: 7%
Magic:  7/7        EV: 12    Int: 20    God:
Gold:   163        SH:  0    Dex: 19    Spells: 4/4 levels left

rFire    . . .     SeeInvis .   a - +2 dagger
rCold    + + .     Gourm    .   (no shield)
rNeg     . . .     Faith    .   u - +2 ring mail {rF+}
rPois    .         Spirit   .   (no helmet)
rElec    .         Reflect  .   d - +0 cloak
rCorr    .         Harm     .   (no gloves)
MR       .....     Rnd*Rage +   (no boots)
Stlth    ++........             (no amulet)
HPRegen  0.16/turn              l - ring of protection from cold
MPRegen  0.10/turn              q - ring of ice

@: brilliant, hasted, very quick
A: thin metallic scales 1, berserk 1, high mp 1, robust 1
a: no special abilities


You were on level 3 of the Dungeon.
You were hungry.

You visited 1 branch of the dungeon, and saw 3 of its levels.

You collected 163 gold pieces.

Inventory:

Hand Weapons
 a - a +2 dagger (weapon)
 b - a +0 blowgun
Missiles
 e - 8 poisoned needles
 f - 2 curare-tipped needles
Armour
 c - a +0 robe
 d - a +0 cloak (worn)
 j - a +0 troll leather armour {Purgy}
 u - a +2 ring mail of fire resistance (worn)
Jewellery
 l - a ring of protection from cold (left hand)
 q - a ring of ice (right hand)
Scrolls
 h - 2 scrolls of fear {unknown}
 i - a scroll of remove curse {unknown}
 m - 2 scrolls of blinking {unknown}
 n - a scroll of immolation {unknown}
 p - a scroll of amnesia {unknown}
 t - a scroll of noise {unknown}
 v - a scroll of identify
Comestibles
 g - 9 rations


   Skills:
 + Level 2.8 Fighting
 + Level 2.8 Short Blades
 - Level 1.7 Throwing
 * Level 2.7 Dodging
 + Level 4.3 Stealth


You had 4 spell levels left.
You didn't know any spells.

Dungeon Overview and Level Annotations

Branches:
Dungeon (3/15)

Annotations:
D:3 Grinder


Innate Abilities, Weirdness & Mutations

You have an increased reservoir of magic. (+10% MP)
You are partially covered in thin metallic scales. (AC +2)
You tend to lose your temper in combat.
You are robust. (+10% HP)


Message History

Grinder is severely wounded.
You closely miss Grinder.
Grinder is severely wounded.
Grinder blinks!
Grinder blinks!
Unknown command.
Grinder blinks!
You hit Grinder.
Grinder is severely wounded.
You hit Grinder.
Grinder is almost dead.
Grinder barely misses you.
You hit Grinder but do no damage.
Grinder is almost dead.
You hit Grinder.
Grinder is almost dead.
Grinder says, "Mostly I couldn't keep them alive."
Grinder gestures at you. Pain shoots through your body!
You die...

##...)..# #.#
#........#.#. ###...(.#
#.# #.######.....
........# #.. #.# #.#.#.
###...#.# #.# #.# #.#.#.
#...#.# #.# #.# #.#.#.
.....#.# #.# #.# #.#.#.
####..#.# #.# # #.#.#< #.
#.####.#.##.######.#.#.
#....5@..(.............
#.........####.##.......##
#.........# #####.####
#.#####...... #..... #.
...#### ###### # #####


You could see Grinder.

Vanquished Creatures
  Purgy (D:3)
  An adder (D:3)
  A worm (D:2)
  4 dart slugs
  2 leopard geckos (D:1)
  An orc (D:3)
  5 bats
  A giant cockroach (D:1)
  8 goblins
  8 hobgoblins
  13 jackals
  2 frilled lizards
  7 kobolds
  3 rats (D:1)
57 creatures vanquished.

Vanquished Creatures (others)
  A giant cockroach (D:3)
  A quokka (D:3)
2 creatures vanquished.

Grand Total: 59 creatures vanquished

Notes
Turn   | Place    | Note
-------+----------+-------------------------------------------
     0 | D:1      | Hekarica the Demigod Assassin began the quest for the Orb.
     0 | D:1      | Reached XP level 1. HP: 17/17 MP: 3/3
    57 | D:1      | Reached skill level 1 in Dodging
   142 | D:1      | Reached XP level 2. HP: 19/24 MP: 4/4
   704 | D:1      | Reached XP level 3. HP: 29/29 MP: 5/5
   856 | D:2      | Reached skill level 4 in Stealth
  1060 | D:2      | Found an ornate altar of the Wu Jian Council.
  1216 | D:2      | Found a sparkling altar of Nemelex Xobeh.
  1898 | D:3      | Found a white marble altar of Elyvilon.
  1950 | D:3      | Reached XP level 4. HP: 22/37 MP: 6/6
  1991 | D:3      | Noticed Purgy
  2008 | D:3      | Killed Purgy
  2008 | D:3      | Reached XP level 5. HP: 22/44 MP: 7/7
  2050 | D:3      | Noticed Grinder
  2061 | D:3      | Paralysed by Grinder for 2 turns
  2063 | D:3      | Gained mutation: You tend to lose your temper in combat. [potion of mutation]
  2063 | D:3      | Gained mutation: You are robust. (+10% HP) [potion of mutation]
  2063 | D:3      | Gained mutation: You are partially covered in thin metallic scales. (AC +2) [potion of mutation]
  2073 | D:3      | Paralysed by Grinder for 5 turns
  2083 | D:3      | Paralysed by Grinder for 4 turns
  2105 | D:3      | Killed from afar by Grinder

Skill      XL: |  1  2  3 |
---------------+----------+-----
Dodging        | 1 2 |  2.7
Fighting       | 2 |  2.8
Short Blades   | 2 |  2.8
Stealth        | 4 |  4.3
Throwing       | |  1.7

Action                   |  1- 3 |  4- 6 || total
-------------------------+-------+-------++-------
Melee: Dagger            |   194 |    45 ||   239
  Use: Scroll            |       |     3 ||     3
       Potion            |       |     4 ||     4
 Stab: Sleeping          |     8 |     2 ||    10
  Eat: Ration            |     1 |       ||     1
Armor: Robe              |    28 |       ||    28
       Ring mail         |       |    19 ||    19
       Skin              |       |     7 ||     7
Dodge: Dodged            |   125 |    22 ||   147
